 Dungeon Crawl Stone Soup version 0.29.1-13-g9f3cf754e1 (webtiles) character file.

Game seed: 13570953413370889629

754 xian the Sneak (level 7, -8/52 HPs)
             Began as a Demonspawn Brigand on Feb 9, 2023.
             Was a Follower of Okawaru.
             Mangled by a wyvern (11 damage)
             ... on level 5 of the Dungeon.
             The game lasted 00:13:00 (4959 turns).

xian the Sneak (Demonspawn Brigand)                 Turns: 4959, Time: 00:13:00

Health: -8/52      AC:  8    Str: 13    XL:     7   Next: 49%
Magic:  3/7        EV: 13    Int: 13    God:    Okawaru [*.....]
Gold:   165        SH:  0    Dex: 14    Spells: 5/6 levels left

rFire   . . .      SeeInvis .   b - +2 short sword (venom)
rCold   . . .      Faith    .   (no shield)
rNeg    + . .      Spirit   .   n - +0 robe {Will+}
rPois   .          Reflect  .   (no helmet)
rElec   .          Harm     .   g - +2 cloak
rCorr   .          Rampage  .   t - +0 pair of gloves
Will    +....                   (no boots)
Stlth   +++.......              (no amulet)
HPRegen 0.17/turn               o - ring of positive energy
MPRegen 0.10/turn               (no ring)

@: no status effects
A: slimy green scales 1, ignite blood 1, demonic magic 1, weakness stinger 1
a: Renounce Religion, Heroism


You were on level 5 of the Dungeon.
You worshipped Okawaru.
Okawaru was aware of your devotion.
You visited 1 branch of the dungeon, and saw 5 of its levels.

You collected 165 gold pieces.

Inventory:

Hand Weapons
 b - a +2 short sword of venom (weapon)
Missiles
 d - 5 poisoned darts (quivered)
 e - 3 curare-tipped darts
 p - 5 javelins
 v - 2 boomerangs of dispersal
Armour
 g - a +2 cloak (worn)
 n - a +0 robe of willpower (worn)
 t - a +0 pair of gloves (worn)
 x - an orb of energy
Jewellery
 o - a ring of positive energy (left hand)
Wands
 j - a wand of flame (13)
 u - a wand of quicksilver (5)
Scrolls
 a - a scroll of fear
 c - a scroll of enchant armour
 i - a scroll of immolation
 m - 2 scrolls of teleportation {unknown}
 s - 2 scrolls of blinking {unknown}
 y - 2 scrolls of fog
 C - a scroll of summoning
 D - a scroll of amnesia {unknown}
Potions
 f - 3 potions of curing
 h - a potion of mutation {unknown}
 k - a potion of ambrosia {unknown}
 l - 3 potions of degeneration {unknown}
 q - a potion of berserk rage {unknown}
 r - 2 potions of attraction {unknown}
 w - a potion of invisibility {unknown}
 z - a potion of flight {unknown}
 A - a potion of might {unknown}
 B - a potion of lignification {unknown}


   Skills:
 + Level 3.3 Fighting
 + Level 4.3 Short Blades
 + Level 2.3 Throwing
 + Level 3.9 Dodging
 + Level 5.6 Stealth
 + Level 0.4 Spellcasting
 + Level 0.4 Ice Magic


You had 5 spell levels left.
You knew the following spells:

 Your Spells              Type           Power      Damage    Failure   Level
a - Freeze                Ice            4%         1d3       26%         1

Your spell library contained the following spells:

 Spells                   Type           Power      Damage    Failure   Level
 Apportation              Tloc           0%         N/A       30%         1
 Poisonous Vapours        Pois/Air       0%         N/A       41%         2
 Frozen Ramparts          Ice            2%         1d1       58%         3
 Hailstorm                Conj/Ice       0%         3d3       95%         4
 Corpse Rot               Necr/Pois/Air  0%         N/A       96%         4
 Passage of Golubria      Tloc           0%         N/A       96%         4
 Alistair's Intoxication  Tmut/Pois      0%         N/A       100%        5
 Yara's Violent Unravell  Hex/Tmut       0%         3d3       100%        5
 Tukima's Dance           Hex            Unusable   N/A       N/A         3

Dungeon Overview and Level Annotations

Branches:
Dungeon (5/15)             Temple (0/1) D:5

Altars:
Ashenzari
Gozag
Nemelex Xobeh
Okawaru

Shops:
D:1 :


Innate Abilities, Weirdness & Mutations

You are partially covered in slimy green scales. (AC +2)
Your demonic aura sometimes causes spilled blood to erupt in flames.
Spells you cast may paralyse adjacent enemies.
You have a small tail.


Message History

Press: ? - help, Shift-Dir - straight line, f/p - wyvern
Aim: a wyvern (moderately wounded, poisoned)
You freeze the wyvern.
The wyvern is moderately wounded.
Malevolent energies surge around you. The wyvern barely misses you.
The wyvern bites you but does no damage.
Casting: Freeze (safe; 26% risk of failure)
Confirm with . or Enter, or press ? or * to list all spells.
Aiming: Freeze (safe; 26% risk of failure)
Press: ? - help, Shift-Dir - straight line, f/p - wyvern
Aim: a wyvern (moderately wounded, poisoned)
You freeze the wyvern.
The wyvern is heavily wounded.
Malevolent energies surge around you.
The wyvern looks more healthy.
The wyvern barely misses you.
You completely miss the wyvern.
The wyvern is heavily wounded.
The wyvern bites you. The wyvern bites you!
* * * LOW HITPOINT WARNING * * *
You hit the wyvern but do no damage.
The wyvern is poisoned.
The wyvern is heavily wounded.
The wyvern misses you.
You closely miss the wyvern.
The wyvern is heavily wounded.
The wyvern bites you!
* * * LOW HITPOINT WARNING * * *
Your magical contamination has completely faded away.
The wyvern bites you.
* * * LOW HITPOINT WARNING * * *
You feel better. The wyvern barely misses you.
Throw: 6 darts (poison)
Press: ? - help, Q - select action, (/) - cycle Shift-Dir - straight line, f/p - wyvern
Aim: a wyvern (heavily wounded, very poisoned, 60% to hit)
You throw a poisoned dart. The poisoned dart hits the wyvern!
The wyvern looks as sick as possible!
The wyvern is heavily wounded.
The wyvern barely misses you. The wyvern bites you!
* * * LOW HITPOINT WARNING * * *
The wyvern bites you!
You die...

.............# #..............
.............# #..............
............####..............
...........†# #..#...........
............###.####........
............##..# #<.....
.........#####.## .....#
...............#####....#
####..........##@l.(....#
######...............#
####...........###(.....
####.............## ......
#............>...## .....
.................[# .....
..................## ....
...................# ....
...................##


You could see a wyvern (extremely poisoned).

Vanquished Creatures
  Sigmund (D:2)
  An ogre (D:4)
  Blork the orc (D:5)
  A bullfrog (D:5)
  A scorpion (D:5)
  A jelly (D:4)
  An orc priest (D:4)
  Jessica (D:3)
  An iguana (D:5)
  Ijyb (D:3)
  An orc wizard (D:2)
  Robin (D:2)
  3 adders
  A gnoll (D:1)
  A shadow imp (D:5)
  2 dart slugs (D:2)
  8 orcs
  8 bats
  6 endoplasms
  6 giant cockroaches
  16 goblins
  9 hobgoblins
  4 jackals (D:3)
  10 kobolds
  2 quokkas
  12 ball pythons
  4 frilled lizards
  6 rats
110 creatures vanquished.

Vanquished Creatures (others)
  2 fungi (D:1)
2 creatures vanquished.

Grand Total: 112 creatures vanquished

Notes
Turn   | Place    | Note
-------+----------+-------------------------------------------
     0 | D:1      | xian the Demonspawn Brigand began the quest for the Orb.
     0 | D:1      | Reached XP level 1. HP: 16/16 MP: 1/1
   260 | D:1      | Found Fulecib's Book Emporium.
   266 | D:1      | Reached skill level 4 in Stealth
   266 | D:1      | Gained mutation: Spells you cast may paralyse adjacent
                  | enemies. [demonic ancestry]
   266 | D:1      | Reached XP level 2. HP: 22/22 MP: 2/2
   814 | D:1      | Reached XP level 3. HP: 27/27 MP: 3/3
  1253 | D:1      | Found a faded altar of an unknown god.
  1444 | D:2      | Noticed Robin
  1470 | D:2      | Reached skill level 1 in Dodging
  1490 | D:2      | Killed Robin
  1491 | D:2      | Gained mutation: You are partially covered in slimy green
                  | scales. (AC +2) [demonic ancestry]
  1491 | D:2      | Reached XP level 4. HP: 3/33 MP: 4/4
  2082 | D:2      | Learned a level 1 spell: Freeze
  2215 | D:2      | Noticed Sigmund
  2227 | D:2      | Killed Sigmund
  2228 | D:2      | Reached skill level 5 in Stealth
  2228 | D:2      | Reached XP level 5. HP: 39/39 MP: 5/5
  2493 | D:2      | Gained mutation: Your demonic aura sometimes causes spilled
                  | blood to erupt in flames. [demonic ancestry]
  2493 | D:2      | Reached XP level 6. HP: 32/46 MP: 6/6
  2696 | D:3      | Noticed Jessica
  2703 | D:3      | Killed Jessica
  2850 | D:3      | Noticed Ijyb
  2856 | D:3      | Killed Ijyb
  3197 | D:3      | Found a sparkling altar of Nemelex Xobeh.
  3203 | D:3      | Found an iron altar of Okawaru.
  3210 | D:3      | Found an opulent altar of Gozag.
  3217 | D:3      | Became a worshipper of Warmaster Okawaru
  3372 | D:4      | Found a broken altar of Ashenzari.
  3634 | D:4      | Gained mutation: You have a small tail. [demonic ancestry]
  3634 | D:4      | Reached XP level 7. HP: 11/52 MP: 7/7
  4374 | D:5      | Entered Level 5 of the Dungeon
  4375 | D:5      | Noticed Blork the orc
  4392 | D:5      | Killed Blork the orc
  4392 | D:5      | Reached * piety under Okawaru
  4559 | D:5      | Found a staircase to the Ecumenical Temple.
  4944 | D:5      | Noticed a wyvern
  4955 | D:5      | HP: 2/52 [wyvern (2)]
  4959 | D:5      | Mangled by a wyvern

Illustrated notes

Levels and vault maps discovered:
D:1:      wander_arrival_peaceful_grave, layout_basic,
          shapermc_ecumenical_altar_mp_urbaneastern, serial_shops, shop,
          minmay_shallow_snake_nest
D:2:      layout_basic, uniq_robin, uniq_sigmund
D:3:      layout_basic, minmay_overflow_temple_star_quad,
          nicolae_concentric_dashed_squares_mild, mrwooster_statue_mirror,
          uniq_ijyb, uniq_jessica
D:4:      layout_loops_ring, mainiacjoe_overflow_boulevard
D:5:      layout_cave_pods, zin_statuary, kennysheep_mini, temple_green,
          uniq_menkaure, uniq_blork_the_orc

Skill      XL: |  1  2  3  4  5  6  7 |
---------------+----------------------+-----
Stealth        | 4 5 |  5.6
Throwing       | 2 |  2.3
Short Blades   | 2 3 4 |  4.3
Dodging        | 1 2 3 |  3.9
Fighting       | 3 |  3.3
Spellcasting   | |  0.4
Ice Magic      | |  0.4

Action                   |  1- 3 |  4- 6 |  7- 9 || total
-------------------------+-------+-------+-------++-------
Melee: Dagger            |   119 |    21 |       ||   140
       Punch             |     1 |     1 |     2 ||     4
       Short sword       |       |   133 |    44 ||   177
       Tailslap          |       |       |     6 ||     6
Throw: Dart              |       |     5 |    10 ||    15
 Cast: Freeze            |       |       |     9 ||     9
  Use: Potion            |     1 |       |     1 ||     2
       Scroll            |       |       |     5 ||     5
 Stab: Sleeping          |     7 |     5 |     1 ||    13
       Paralysed         |       |       |     2 ||     2
Armor: Robe              |    49 |    72 |    16 ||   137
Dodge: Dodged            |    76 |   113 |    28 ||   217
